 Dungeon Crawl Stone Soup version 0.23.0 (webtiles) character file.

Game seed: 15662655655289071949

787 MovingMist the Skirmisher (level 7, -2/44 HPs)
             Began as a Gargoyle Fighter on Feb 18, 2019.
             Was an Initiate of Okawaru.
             Slain by an orc warrior
             ... wielding the +9 long sword of Pain and Death {slice, rF+++ rN++ Int-3}
              (11 damage)
             ... on level 3 of the Dungeon.
             The game lasted 00:11:57 (4949 turns).

MovingMist the Skirmisher (Gargoyle Fighter)        Turns: 4949, Time: 00:11:58

Health: -2/44      AC: 14    Str: 20    XL:     7   Next: 87%
Magic:  7/7        EV:  7    Int:  8    God:    Okawaru [......]
Gold:   269        SH: 10    Dex: 11    Spells: 6/6 levels left

rFire    . . .     SeeInvis .   r - +3 whip (elec)
rCold    . . .     Gourm    .   c - +1 shield
rNeg     + . .     Faith    .   h - +0 chain mail
rPois    ∞         Spirit   .   (no helmet)
rElec    +         Reflect  .   (no cloak)
rCorr    .         Harm     .   (no gloves)
MR       .....                  (no boots)
Stlth    ..........             (no amulet)
HPRegen  0.14/turn              (no ring)
MPRegen  0.10/turn              (no ring)

@: no status effects
A: negative energy resistance 1, electricity resistance, unbreathing,
petrification resistance, rot immunity, AC +4
a: Renounce Religion


You were on level 3 of the Dungeon.
You worshipped Okawaru.
Okawaru was noncommittal.
You were not hungry.

You visited 2 branches of the dungeon, and saw 5 of its levels.

You collected 269 gold pieces.

Inventory:

Hand Weapons
 r - a +3 whip of electrocution (weapon)
Missiles
 p - 4 javelins (quivered)
Armour
 c - a +1 shield (worn)
 h - a +0 chain mail (worn)
Jewellery
 t - an uncursed ring of resist corrosion {unknown}
Wands
 m - a wand of flame (31)
 w - a wand of enslavement (9)
Scrolls
 a - a scroll of teleportation
 i - 4 scrolls of enchant armour
 k - a scroll of magic mapping
 q - a scroll of immolation {unknown}
 v - 2 scrolls of amnesia
Potions
 b - 2 potions of resistance {unknown}
 d - 2 potions of might
 e - a potion of haste {unknown}
 g - 2 potions of heal wounds {unknown}
 j - a potion of magic {unknown}
 l - a potion of agility {unknown}
 n - 2 potions of invisibility {unknown}
 o - a potion of cancellation {unknown}
 s - a potion of lignification {unknown}
 u - 2 potions of curing {unknown}
 x - a potion of mutation {unknown}
Comestibles
 f - 4 rations
 z - 2 chunks of flesh


   Skills:
 + Level 5.3 Fighting
 + Level 4.2 Maces & Flails
 + Level 5.2 Armour
 * Level 4.2 Dodging
 - Level 3.2 Shields


You had 6 spell levels left.
You didn't know any spells.
Your spell library was empty.

Dungeon Overview and Level Annotations

Branches:
Dungeon (4/15)             Temple (1/1) D:4

Altars:
Dithmenos
Elyvilon
Gozag
Hepliaklqana
Makhleb
Nemelex Xobeh
Okawaru
Sif Muna
Uskayaw
Vehumet
Xom
Zin
The Shining One
Beogh

Annotations:
D:4 Jaiteiro's ghost, novice HaFi


Innate Abilities, Weirdness & Mutations

You are resistant to torment.
Your stone body is resilient. (AC +4)
You are immune to poison.
You resist negative energy. (rN+)
You are resistant to electric shocks. (rElec)
You can survive without breathing.
You are immune to petrification.
You are immune to rotting.


Message History

The orc warrior is moderately wounded.
The orc warrior hits you with the +9 long sword of Pain and Death {slice, rF+++ rN++ Int-3}.
There is a stone staircase leading up here.
You can't go down here!
You climb upwards.
There is a stone staircase leading down here.
You hit the orc warrior but do no damage.
The orc warrior is moderately wounded.
The orc warrior hits you with the +9 long sword of Pain and Death {slice, rF+++ rN++ Int-3}!
You hit the orc warrior.
The orc warrior is heavily wounded.
The orc warrior barely misses you.
You completely miss the orc warrior.
The orc warrior is heavily wounded.
The orc warrior hits you with the +9 long sword of Pain and Death {slice, rF+++ rN++ Int-3}!
* * * LOW HITPOINT WARNING * * *
x2 You closely miss the orc warrior.
The orc warrior is heavily wounded.
The orc warrior hits you with the +9 long sword of Pain and Death {slice, rF+++ rN++ Int-3}!
You die...

###########
#.........########
'..............o@#
#)........######)#
#.........# #.#
#.........# #.#
####...#### #.#
#...#
#####'#######
#...#
#..÷........#
#####
#...........#
#...........#


You could see an orc warrior.

Vanquished Creatures
  The ghost of Monsterracer the Chopper, an amateur HOCK of Xom (D:3)
  A phantom (D:4)
  A scorpion (D:4)
  A hound (D:4)
  An orc priest (D:4)
  A gnoll shaman (D:3)
  A bullfrog skeleton (D:4)
  Jessica (D:2)
  Terence (D:2)
  An iguana (D:4)
  Natasha (twice) (D:2)
  A hound skeleton (D:4)
  5 gnolls (D:3)
  10 adders
  An adder skeleton (D:4)
  4 worms
  2 dart slugs (D:1)
  2 leopard geckos
  3 orcs
  5 ball pythons
  11 bats
  5 giant cockroaches
  8 goblins
  9 hobgoblins
  5 jackals
  10 kobolds
  A quokka (D:3)
  7 frilled lizards
  A jackal skeleton (D:4)
  5 rats
107 creatures vanquished.

Notes
Turn   | Place    | Note
-------+----------+-------------------------------------------
     0 | D:1      | MovingMist the Gargoyle Fighter began the quest for the
                  | Orb.
     0 | D:1      | Reached XP level 1. HP: 14/14 MP: 1/1
    81 | D:1      | Reached XP level 2. HP: 11/19 MP: 2/2
   296 | D:1      | Reached skill level 1 in Dodging
   520 | D:1      | Reached XP level 3. HP: 22/23 MP: 3/3
  1140 | D:2      | Found an opulent altar of Gozag.
  1161 | D:2      | Reached XP level 4. HP: 29/29 MP: 4/4
  1423 | D:2      | Noticed Terence
  1433 | D:2      | Killed Terence
  1738 | D:2      | Reached XP level 5. HP: 33/33 MP: 5/5
  1761 | D:2      | Noticed Natasha
  1761 | D:2      | Noticed Jessica
  1782 | D:2      | Killed Jessica
  1792 | D:2      | Killed Natasha
  2268 | D:2      | Noticed Natasha
  2277 | D:2      | Killed Natasha
  2468 | D:3      | Reached XP level 6. HP: 30/39 MP: 6/6
  2729 | D:3      | Found a large runed translucent door.
  2729 | D:3      | Found a large runed translucent door.
  2746 | D:3      | Noticed Monsterracer's ghost (amateur HOCK)
  3486 | D:3      | Killed Monsterracer's ghost
  3486 | D:3      | Reached XP level 7. HP: 43/44 MP: 7/7
  3584 | D:4      | Found a staircase to the Ecumenical Temple.
  3593 | D:4      | Found a runed translucent gate.
  3598 | D:4      | Identified the +11 whip "Ditreule" {slash, rElec rC- Dex+5}
  3598 | D:4      | Identified the +6 chain mail of Absolutism {rPois}
  3607 | Temple   | Entered the Ecumenical Temple
  3685 | Temple   | Became a worshipper of Warmaster Okawaru
  3758 | D:4      | Reached skill level 5 in Fighting
  3758 | D:4      | Reached skill level 5 in Armour
  4208 | D:4      | Found a shimmering altar of Xom.
  4215 | D:4      | Found a radiant altar of Vehumet.
  4217 | D:4      | Found a white marble altar of Elyvilon.
  4506 | D:4      | Identified the +9 long sword of Pain and Death {slice,
                  | rF+++ rN++ Int-3}
  4506 | D:4      | Identified the +6 chain mail of Jakem {Str+4 SInv Stlth+}
  4507 | D:4      | Found a runed translucent gate.
  4508 | D:4      | Found a runed translucent gate.
  4509 | D:4      | Noticed Jaiteiro's ghost (novice HaFi)
  4517 | D:4      | Found a roughly hewn altar of Beogh.
  4949 | D:3      | Slain by an orc warrior

Skill      XL: |  1  2  3  4  5  6  7 |
---------------+----------------------+-----
Dodging        | 1 2 3 4 |  4.2
Fighting       | 4 5 |  5.3
Armour         | 4 5 |  5.2
Maces & Flails | 3 4 |  4.2
Shields        | |  3.2

Action                   |  1- 3 |  4- 6 |  7- 9 || total
-------------------------+-------+-------+-------++-------
Melee: Flail             |   140 |   183 |       ||   323
       Whip              |       |    90 |    57 ||   147
  Use: Scroll            |     4 |     2 |     1 ||     7
  Eat: Chunk             |     1 |     8 |     3 ||    12
       Ration            |       |       |     1 ||     1
Armor: Scale mail        |    79 |       |       ||    79
       Chain mail        |       |   176 |    21 ||   197
Dodge: Dodged            |    52 |    52 |    12 ||   116
Block: Shield            |    81 |   141 |    25 ||   247
